 Dungeon Crawl Stone Soup version 0.26.1-11-gd32895ea62 (webtiles) character file.

Game seed: 17729654113552311153

118 ubername the Cudgeller (level 4, -11/34 HPs)
             Began as a Demonspawn Gladiator on May 2, 2021.
             Mangled by an ogre
             ... wielding a +0 giant spiked club
              (20 damage)
             ... on level 3 of the Dungeon.
             The game lasted 00:04:36 (2448 turns).

ubername the Cudgeller (Demonspawn Gladiator)       Turns: 2448, Time: 00:04:37

Health: -11/34     AC: 10    Str: 14 (15) XL:     4   Next: 72%
Magic:  4/4        EV: 10    Int:  7 (9)  God:
Gold:   96         SH:  0    Dex: 14 (15) Spells: 3/3 levels left

rFire    . . .     SeeInvis .   a - +1 flail
rCold    . . .     Faith    .   (no shield)
rNeg     . . .     Spirit   .   j - +0 scale mail
rPois    .         Reflect  .   c - +0 helmet
rElec    .         Harm     .   (no cloak)
rCorr    .         Rampage  .   (no gloves)
Will     .....                  (no boots)
Stlth    ..........             (no amulet)
HPRegen  0.11/turn              (no ring)
MPRegen  0.09/turn              (no ring)

@: no status effects
A: molten scales 2
a: no special abilities


You were on level 3 of the Dungeon.
You visited 1 branch of the dungeon, and saw 3 of its levels.

You collected 96 gold pieces.

Inventory:

Hand Weapons
 a - a +1 flail (weapon)
Missiles
 d - 5 throwing nets (quivered)
 f - 47 stones
Armour
 c - a +0 helmet (worn)
 e - a +0 ring mail
 j - a +0 scale mail (worn)
Scrolls
 g - a scroll of remove curse
 h - 2 scrolls of enchant weapon
 i - a scroll of fog


   Skills:
 + Level 2.4 Fighting
 + Level 4.0 Maces & Flails
 + Level 2.0 Throwing
 + Level 1.5 Armour
 + Level 3.0 Dodging
 + Level 0.3 Stealth


You had 3 spell levels left.
You didn't know any spells.
Your spell library was empty.

Dungeon Overview and Level Annotations

Branches:
Dungeon (3/15)

Altars:
Hepliaklqana
Ru
Xom
Zin
The Shining One


Innate Abilities, Weirdness & Mutations

You are mostly covered in molten scales. (AC +3)


Message History

You hit the ogre.
The ogre is almost dead.
The ogre closely misses you.
You hit the ogre.
The ogre is almost dead.
Your scale mail prevents you from hitting the ogre.
The ogre is almost dead.
The ogre hits you with a +0 giant spiked club!
* * * LOW HITPOINT WARNING * * *
You feel much better.
The ogre hits you with a +0 giant spiked club!
* * * LOW HITPOINT WARNING * * *
You barely miss the ogre.
The ogre is almost dead.
The ogre closely misses you.
You closely miss the ogre.
The ogre is almost dead.
The ogre hits you with a +0 giant spiked club!!
Ouch! That really hurt!
You die...

#..# ##..## ....# #
#...# .##.##...#
.........### .#
#........# #.#
########†.#.#
#.##..........O@##
#.##.######.#....#
##.................#
...#####..##.#....##
...# #..##.....## ...#
#..####.##### .#.#
#..########Z##
.#.#####..#..'.##o#r##
.#........#..#.#####.#


You could see an ogre.

Vanquished Creatures
  A worker ant (D:3)
  5 adders (D:2)
  An ooze (D:1)
  An adder skeleton (D:3)
  A worm (D:2)
  2 leopard geckos (D:2)
  5 hobgoblins (D:2)
  3 jackals (D:1)
  6 kobolds
  A quokka (D:2)
  2 ball pythons
  6 bats
  4 frilled lizards (D:1)
  2 goblins
  5 rats
45 creatures vanquished.

Notes
Turn   | Place    | Note
-------+----------+-------------------------------------------
     0 | D:1      | ubername the Demonspawn Gladiator began the quest for the
                  | Orb.
     0 | D:1      | Reached XP level 1. HP: 16/16 MP: 1/1
   208 | D:1      | Gained mutation: You are partially covered in molten
                  | scales. (AC +2) [demonic ancestry]
   208 | D:1      | Reached XP level 2. HP: 21/22 MP: 2/2
   236 | D:1      | Reached skill level 3 in Maces & Flails
  1018 | D:1      | Found a glowing silver altar of Zin.
  1108 | D:2      | Found a sacrificial altar of Ru.
  1124 | D:2      | Reached XP level 3. HP: 22/27 MP: 3/3
  1208 | D:2      | Found a glowing golden altar of the Shining One.
  1625 | D:2      | Gained mutation: You are mostly covered in molten scales.
                  | (AC +3) [demonic ancestry]
  1625 | D:2      | Reached XP level 4. HP: 33/33 MP: 4/4
  1665 | D:2      | Reached skill level 1 in Armour
  2402 | D:3      | Found a hazy altar of Hepliaklqana.
  2403 | D:3      | Found a shimmering altar of Xom.
  2404 | D:3      | Noticed a spectral ugly thing
  2404 | D:3      | Noticed a hell beast
  2433 | D:3      | Reached skill level 4 in Maces & Flails
  2433 | D:3      | Noticed an ogre
  2448 | D:3      | Mangled by an ogre

Illustrated notes

Levels and vault maps discovered:
D:1:      dpeg_arrival_water_altar, layout_basic, minmay_misc_feat_doors,
          minmay_stone_trees_small, hex_tiny, chequers_serial_rivers_large_a
D:2:      layout_rooms, tso_metal_star, old_standard_altar
D:3:      layout_loops_ring, regret_index_temple_of_mockery,
          nicolae_ashenzari_panopticon, nicolae_overflow_crystal_walls,
          minmay_fountain_box

Skill      XL: |  1  2  3  4 |
---------------+-------------+-----
Throwing       | 2 |  2.0
Maces & Flails | 3 4 |  4.0
Dodging        | 3 |  3.0
Armour         | 1 |  1.5
Fighting       | |  2.4
Stealth        | |  0.3

Action                   |  1- 3 |  4- 6 || total
-------------------------+-------+-------++-------
Melee: Flail             |    90 |    43 ||   133
  Use: Scroll            |     4 |     1 ||     5
       Potion            |     3 |     1 ||     4
Armor: Ring mail         |    29 |       ||    29
       Scale mail        |    32 |    35 ||    67
Dodge: Dodged            |    78 |    33 ||   111
